 Dungeon Crawl Stone Soup version 0.27-a0-1202-ge72e49191c (webtiles) character file.

Game seed: 13105530778721999719

8092 dracfodder the Thaumaturge (level 11, -1/61 HPs)
             Began as a Gargoyle Ice Elementalist on June 5, 2021.
             Slain by a seven-headed hydra (10 damage)
             ... on level 9 of the Dungeon.
             The game lasted 00:59:56 (11951 turns).

dracfodder the Thaumaturge (GrIE)                  Turns: 11951, Time: 00:59:57

Health: -1/61      AC: 23    Str: 12    XL:     11   Next: 25%
Magic:  22/27      EV: 12    Int: 19    God:
Gold:   534        SH:  0    Dex: 10    Spells: 14/35 levels left

rFire    . . .     SeeInvis .   q - +1 hand crossbow (flame)
rCold    . . .     Faith    .   (no shield)
rNeg     + . .     Spirit   .   j - +1 steam dragon scales
rPois    ∞         Reflect  .   (no helmet)
rElec    +         Harm     .   x - +0 cloak
rCorr    .         Rampage  .   (no gloves)
Will     .....                  (no boots)
Stlth    ++........             (no amulet)
HPRegen  0.20/turn              (no ring)
MPRegen  0.20/turn              (no ring)

@: ice-armoured, freezing walls
A: sickness immunity, AC +8, negative energy resistance 1, electricity
resistance, torment resistance 1, petrification resistance
a: no special abilities


You were on level 9 of the Dungeon.
You visited 2 branches of the dungeon, and saw 10 of its levels.

You collected 534 gold pieces.

Inventory:

Hand Weapons
 a - the +8 dagger of Superiority {vorpal, rC+ rN+ rCorr Stlth-}
   (You found it on level 6 of the Dungeon)

   It inflicts extra damage upon your enemies.
   It protects you from cold.
   It protects you from negative energy.
   It protects you from acid and corrosion.
   It makes you less stealthy.
 b - a +0 hunting sling
 e - a +1 short sword of venom
 p - a +0 battleaxe of freezing
 q - a +1 hand crossbow of flaming (weapon)
Missiles
 f - 100 stones
 g - 13 sling bullets
 k - 10 poisoned darts
 r - 4 bolts (quivered ammo)
 t - 3 boomerangs of dispersal
 u - 74 arrows
Armour
 j - +1 steam dragon scales (worn)
 o - a +1 robe
 x - a +0 cloak (worn)
Wands
 i - a wand of iceblast (15)
 A - a wand of digging (4)
Scrolls
 m - 2 scrolls of amnesia
 y - 3 scrolls of teleportation
Potions
 c - 5 potions of haste
 d - a potion of flight
 h - a potion of berserk rage
 l - a potion of brilliance
 n - 2 potions of might
 v - a potion of invisibility
 w - a potion of curing
 B - a potion of magic {unknown}


   Skills:
 + Level 4.2 Fighting
 + Level 3.8 Short Blades
 + Level 4.2 Axes
 + Level 0.5 Slings
 + Level 2.2 Crossbows
 + Level 2.9 Dodging
 + Level 4.0 Stealth
 * Level 12.5 Spellcasting
 + Level 1.7 Hexes
 + Level 7.3 Ice Magic
 + Level 0.5 Evocations


You had 14 spell levels left.
You knew the following spells:

 Your Spells              Type           Power      Damage    Failure   Level
a - Freeze                Ice            100%       1d11      1%          1
b - Corona                Hex            20%        N/A       2%          1
c - Ensorcelled Hibernat  Hex/Ice        58%        N/A       1%          2
d - Frozen Ramparts       Ice            80%        1d10      1%          3
e - Ozocubu's Armour      Ice            40%        N/A       1%          3
f - Tukima's Dance        Hex            18%        N/A       9%          3
g - Dazzling Flash        Conj/Hex       30%        N/A       12%         3
h - Metabolic Englaciati  Hex/Ice        14%        N/A       24%         5

Your spell library contained the following spells:

 Spells                   Type           Power      Damage    Failure   Level
 Confusing Touch          Hex            18%        N/A       9%          3
 Hailstorm                Conj/Ice       25%        3d7       12%         4


Dungeon Overview and Level Annotations

Branches:
Dungeon (9/15)             Temple (1/1) D:7            Lair (0/6) D:8
    Orc: D:9-12

Altars:
Ashenzari
Cheibriados
Elyvilon
Fedhas
Gozag
Hepliaklqana
Kikubaaqudgha
Makhleb
Nemelex Xobeh
Qazlal
Trog
Uskayaw
Vehumet
Wu Jian
Xom
Yredelemnul
The Shining One

Shops:
D:1 [   D:6 (   D:9 *


Innate Abilities, Weirdness & Mutations

You are immune to sickness and miasma.
Your stone body is resilient. (AC +8)
You are immune to poison.
You resist negative energy. (rN+)
You are resistant to electric shocks. (rElec)
You are resistant to unholy torment.
You are immune to petrification.


Message History

Your +1 hand crossbow of flaming bursts into flame!
q - a +1 hand crossbow of flaming (weapon)
Fire: 7 bolts
Press: ? - help, Q - select action, (/) - cycle Shift-Dir - straight line, f - seven-headed hydra
Aim: a seven-headed hydra (slow, 81% to hit)
You shoot a bolt. The bolt hits the seven-headed hydra!
The bolt burns the seven-headed hydra.
The seven-headed hydra is lightly wounded.
The wall freezes the seven-headed hydra!
The seven-headed hydra bites you.
The seven-headed hydra closely misses you.
The seven-headed hydra bites you.
The seven-headed hydra bites you but does no damage. x2
The seven-headed hydra bites you.
The seven-headed hydra closely misses you.
Fire: 6 bolts
Press: ? - help, Q - select action, (/) - cycle Shift-Dir - straight line, f/p - seven-headed hydra
Aim: a seven-headed hydra (lightly wounded, slow, 81% to hit)
You shoot a bolt. The bolt hits the seven-headed hydra!
The bolt burns the seven-headed hydra.
The seven-headed hydra is moderately wounded.
The wall freezes the seven-headed hydra!
The seven-headed hydra bites you but does no damage. x2
The seven-headed hydra bites you!
* * * LOW HITPOINT WARNING * * *
The seven-headed hydra bites you but does no damage.
The seven-headed hydra barely misses you.
The seven-headed hydra bites you but does no damage.
The seven-headed hydra misses you.
Fire: 5 bolts
Press: ? - help, Q - select action, (/) - cycle Shift-Dir - straight line, f/p - seven-headed hydra
Aim: a seven-headed hydra (heavily wounded, slow, 81% to hit)
You shoot a bolt. The bolt hits the seven-headed hydra.
The bolt burns the seven-headed hydra.
The seven-headed hydra is heavily wounded.
The seven-headed hydra is no longer moving slowly.
The wall freezes the seven-headed hydra!
The seven-headed hydra seems to slow down.
The seven-headed hydra bites you!
You die...

,,,,,*
**,*.######∩#####.#
,,,,,* *,*............#.#
****** *,*#######.###<#.#
##+#* #.......# ##...#*
#####..## *** *#.....#*
#####.# ,,* **.......##
##.###.#
,,***,........####...##.#
,,,,+,...(..())D@.....#.#
,,***,..(.....####...#.>#
*** **.....(.## ##.##.##
* **,....D..,** ####.#
**,,###.###,,** #.#
***,,**,#.*,**,,** #.#
,,,,**,*.*,*,**,,* #.#
,****,*.*,*,*,**,* #.#
*,,*,*,*,*,*,*,*,* #.#


You could see a seven-headed hydra (slow).

Vanquished Creatures
  2 komodo dragons (D:8)
  4 yaks (D:9)
  2 wyverns (D:8)
  2 vampire mosquitoes (D:9)
  2 steam dragons
  An acid dragon (D:8)
  A water moccasin (D:7)
  An orc warrior (D:8)
  2 black bears
  A hornet zombie (D:7)
  4 necrophages
  2 ogres (D:5)
  3 centaurs
  A phantom (D:6)
  A bullfrog (D:5)
  Blork the orc (D:6)
  2 gnoll sergeants
  A wyvern zombie (D:7)
  3 scorpions
  A water moccasin zombie (D:5)
  A water moccasin skeleton (D:5)
  12 wights
  7 killer bees
  3 howler monkeys
  4 centaur zombies
  A hound (D:5)
  A jelly (D:5)
  4 centaur skeletons
  A gnoll shaman (D:7)
  An orc wizard (D:8)
  A hound zombie (D:5)
  2 howler monkey zombies
  14 gnolls
  7 adders
  A shadow imp (D:8)
  2 white imps
  2 ufetubi
  6 worms
  4 dart slugs
  12 orcs
  9 endoplasms
  4 giant cockroaches
  4 goblins
  6 hobgoblins
  A jackal (D:2)
  2 quokkas
  6 ball pythons
  8 bats
  3 frilled lizards
  8 kobolds
  A quokka skeleton (D:2)
  6 rats
  A spectral orc (D:8)
182 creatures vanquished.

Vanquished Creatures (others)
  3 withered plants (D:7)
3 creatures vanquished.

Grand Total: 185 creatures vanquished

Notes
Turn   | Place    | Note
-------+----------+-------------------------------------------
     0 | D:1      | dracfodder the Gargoyle Ice Elementalist began the quest
                  | for the Orb.
     0 | D:1      | Reached XP level 1. HP: 10/10 MP: 3/3
   643 | D:1      | Learned a level 1 spell: Corona
   692 | D:1      | Reached XP level 2. HP: 15/15 MP: 1/5
  1125 | D:1      | Learned a level 2 spell: Ensorcelled Hibernation
  1263 | D:1      | Found Laforot's Armour Shop.
  1390 | D:1      | Found a faded altar of an unknown god.
  1662 | D:1      | Reached XP level 3. HP: 20/20 MP: 2/6
  2356 | D:2      | Learned a level 3 spell: Frozen Ramparts
  2906 | D:2      | Reached XP level 4. HP: 24/24 MP: 4/8
  3125 | D:2      | Reached skill level 3 in Spellcasting
  4072 | D:3      | Reached XP level 5. HP: 27/28 MP: 3/9
  4243 | D:3      | Learned a level 3 spell: Ozocubu's Armour
  4634 | D:3      | Noticed a black bear
  4765 | D:3      | Killed a black bear
  4766 | D:3      | Reached skill level 1 in Hexes
  4766 | D:3      | Reached skill level 5 in Ice Magic
  5029 | D:5      | Entered Level 5 of the Dungeon
  5037 | D:5      | Reached XP level 6. HP: 33/33 MP: 6/11
  5079 | D:5      | Reached skill level 4 in Spellcasting
  5178 | D:5      | Found a bloodstained altar of Trog.
  5235 | D:5      | Reached skill level 1 in Short Blades
  5294 | D:5      | Reached XP level 7. HP: 27/37 MP: 8/13
  5298 | D:5      | Reached skill level 1 in Fighting
  5449 | D:5      | Reached skill level 1 in Axes
  5959 | D:5      | Reached skill level 5 in Spellcasting
  6116 | D:5      | Found a glowing golden altar of the Shining One.
  6683 | D:6      | Identified the +8 dagger of Superiority {vorpal, rC+ rN+
                  | rCorr Stlth-}
  6755 | D:3      | Reached XP level 8. HP: 33/43 MP: 15/15
  7485 | D:6      | Noticed Blork the orc
  7492 | D:6      | Killed Blork the orc
  7607 | D:6      | Learned a level 3 spell: Tukima's Dance
  7611 | D:6      | Learned a level 3 spell: Dazzling Flash
  7718 | D:6      | Found Tiamm's Weapon Emporium.
  7922 | D:6      | Reached skill level 6 in Spellcasting
  8262 | D:7      | Reached XP level 9. HP: 33/48 MP: 10/19
  8291 | D:7      | Reached skill level 7 in Spellcasting
  8379 | D:7      | Found a staircase to the Ecumenical Temple.
  8416 | D:7      | Reached skill level 1 in Crossbows
  8852 | Temple   | Entered the Ecumenical Temple
  9216 | D:7      | Found a hazy altar of Hepliaklqana.
  9385 | D:7      | Reached skill level 12 in Spellcasting
  9385 | D:7      | Reached XP level 10. HP: 56/56 MP: 19/26
  9392 | D:7      | Learned a level 5 spell: Metabolic Englaciation
  9483 | D:8      | Found a broken altar of Ashenzari.
 10177 | D:8      | Found a stormy altar of Qazlal.
 11091 | D:8      | Reached XP level 11. HP: 49/61 MP: 23/27
 11312 | D:8      | Found a staircase to the Lair.
 11522 | D:8      | Found an opulent altar of Gozag.
 11650 | D:8      | Found a basalt altar of Yredelemnul.
 11768 | D:9      | Found Suiqunac's Lightly-Used Armoury.
 11942 | D:9      | Noticed a seven-headed hydra
 11951 | D:9      | Slain by a seven-headed hydra

Illustrated notes

Levels and vault maps discovered:
D:1:      ncdulo_halloftheorcs, layout_loops_ring,
          shapermc_ecumenical_altar_mp_highgroup, serial_shops,
          nicolae_shop_trees, chequers_jeans, minmay_misc_feat_secret_circle
D:2:      wad_river_or_something, layout_loops_ring, minmay_pentomino_pile
D:3:      layout_rooms, minmay_misc_feat_room
D:4:      layout_basic, lemuel_crystal_altar, serial_shops, shop_fountains, shop
D:5:      layout_cave_pools, general_overflow_altar, tso_metal_star,
          cheibrodos_sewer_entry_bend
D:6:      layout_loops_ring, serial_shops, shop, uniq_blork_the_orc
D:7:      layout_cave_pools, nicolae_overflow_crystal_walls,
          minmay_temple_entry_drinking_statues, serial_undead, serial_undead_c,
          serial_undead_e, serial_undead_b, serial_undead_b
D:8:      layout_gridville, grunt_gozag_breadcrumbs, evilmike_ruin_ashenzari,
          yredelemnul_forgotten_temple_becter, grunt_qazlal_clouds,
          erik_lair_dragon
D:9:      minmay_the_grid_octo_tiled_octocenter [minmay_the_grid_octo_checkered,
          minmay_the_grid_octo_toaster, minmay_the_grid_octo_clover,
          minmay_the_grid_octo_77, minmay_the_grid_octo_prize_star,
          minmay_the_grid_square_5x5_moneybag,
          minmay_the_grid_square_5x5_half_checkered,
          minmay_the_grid_square_5x5_eight,
          minmay_the_grid_square_5x5_two_walls_a], layout_loops_corners,
          hex_large, minmay_shop_damaged
Temple:   zaba_magenta_temple

Skill      XL: |  1  2  3  4  5  6  7  8  9 10 11 |
---------------+----------------------------------+-----
Spellcasting   | 3 4 5 6 12 | 12.5
Stealth        | 3 4 |  4.0
Hexes          | 1 |  1.7
Ice Magic      | 5 6 7 |  7.3
Short Blades   | 1 2 3 |  3.8
Fighting       | 1 2 3 4 |  4.2
Axes           | 2 3 4 |  4.2
Dodging        | 2 |  2.9
Crossbows      | 1 2 |  2.2
Slings         | |  0.5
Evocations     | |  0.5

Action                   |  1- 3 |  4- 6 |  7- 9 | 10-12 || total
-------------------------+-------+-------+-------+-------++-------
Melee: Battleaxe         |    11 |     2 |    50 |       ||    63
       Short sword       |    34 |    53 |    33 |       ||   120
       Dagger            |       |       |    81 |   134 ||   215
 Fire: Hunting sling     |       |       |     5 |       ||     5
       Hand crossbow     |       |       |    32 |    19 ||    51
Throw: Stone             |     3 |       |       |       ||     3
 Cast: Freeze            |    42 |    36 |    12 |     7 ||    97
       Corona            |    13 |     7 |    11 |     1 ||    32
       Ensorcelled Hiber |     7 |     7 |     3 |     3 ||    20
       Frozen Ramparts   |     3 |     6 |    12 |    10 ||    31
       Ozocubu's Armour  |       |     2 |    12 |    13 ||    27
       Dazzling Flash    |       |       |       |     1 ||     1
Evoke: Wand              |       |       |     2 |     2 ||     4
  Use: Scroll            |     3 |     8 |     9 |     2 ||    22
       Potion            |       |       |     4 |     1 ||     5
 Stab: Sleeping          |     4 |       |     2 |     1 ||     7
       Distracted        |       |     1 |       |       ||     1
       Invisible         |       |       |     1 |     2 ||     3
Armor: Robe              |    21 |    40 |    84 |       ||   145
       Steam dragon scal |       |       |    75 |    68 ||   143
Dodge: Dodged            |    35 |    52 |   199 |   104 ||   390

Table legend: (Time is in decaauts)
 A = Elapsed time spent in this place.
 B = Non-inter-level travel time spent in this place.
 C = Inter-level travel time spent in this place.
 D = Time resting spent in this place.
 E = Time spent auto-exploring this place.
 F = Levels seen in this place.
 G = Mean time per level.
                   A        B        C        D        E       F      G
               +--------+--------+--------+--------+--------+-----+--------+
         Total |  11997 |  11642 |    355 |   4428 |   5360 |  10 | 1199.7 |
       Dungeon |  11923 |  11586 |    337 |   4428 |   5306 |   9 | 1324.8 |
        Temple |     73 |     55 |     18 |      0 |     54 |   1 |   73.0 |
               +--------+--------+--------+--------+--------+-----+--------+

Top non-repeatable levels by time:
     D:8: 2318 daAuts
     D:2: 2151 daAuts
     D:1: 1921 daAuts
     D:5: 1757 daAuts
     D:3: 1202 daAuts
     D:7: 1145 daAuts
     D:6: 1060 daAuts
     D:4: 187 daAuts
     D:9: 178 daAuts
  Temple: 73 daAuts
